 Dungeon Crawl Stone Soup version 0.31.0 (webtiles) character file.

Game seed: 2392264045915938635

1117 Groucho the Digger (level 8, 0/69 HPs)
             Began as a Deep Elf Earth Elementalist on Jan 20, 2024.
             Killed from afar by an orc wizard (8 damage)
             ... with a magic dart
             ... on level 6 of the Dungeon.
             The game lasted 00:11:41 (7929 turns).

Groucho the Digger (Deep Elf Earth Elementalist)    Turns: 7929, Time: 00:11:42

Health: 0/69       AC:  5    Str:  5    XL:     8   Next: 12%
Magic:  2/18       EV: 12    Int: 23    God:
Gold:   251        SH:  0    Dex: 15    Spells: 10/18 levels left

rFire   . . .        i - +0 whip
rCold   . . .        (no shield)
rNeg    . . .        a - +0 robe
rPois   .            (no helmet)
rElec   .            r - +1 cloak {Stlth+}
rCorr   .            (no gloves)
SInv    .            k - +0 pair of boots
Will    .....        (no amulet) Stlth
                     (no ring)
HPRegen 0.31/turn    (no ring)
MPRegen 0.16/turn

%: no passive effects
@: berserking (expiring), very quick
A: no striking features
a: no special abilities


You were on level 6 of the Dungeon.
You visited 1 branch of the dungeon, and saw 5 of its levels.

You collected 251 gold pieces.

Inventory:

Hand Weapons
 e - a +0 dagger
 i - a +0 whip (weapon)
 l - a +3 short sword
 w - a +1 hand axe of freezing
Missiles
 m - 33 stones
 s - a throwing net
Armour
 a - a +0 robe (worn)
 g - a scarf of shadows
 k - a +0 pair of boots (worn)
 r - a +1 cloak of stealth (worn)
 t - a +0 ring mail
Jewellery
 d - an amulet of guardian spirit
Wands
 u - a wand of digging (5)
Scrolls
 c - 5 scrolls of identify
 h - a scroll of noise {unknown}
 j - a scroll of poison {unknown}
 n - a scroll of teleportation {unknown}
 p - a scroll of vulnerability {unknown}
 q - a scroll of fear {unknown}
 x - a scroll of revelation {unknown}
Potions
 b - a potion of magic
 f - a potion of might
 o - a potion of degeneration
 v - a potion of berserk rage


   Skills:
 + Level 3.0 Fighting
 + Level 2.5 Maces & Flails
 - Level 2.4 Dodging
 - Level 2.4 Stealth
 + Level 5.8 Spellcasting
 + Level 4.1 Conjurations
 * Level 7.0 Earth Magic


You had 10 spell levels left.
You knew the following spells:

 Your Spells              Type           Power      Damage    Failure   Level
a - Sandblast             Erth           78%        2d17      1%          1
b - Stone Arrow           Conj/Erth      64%        3d11      2%          3
c - Petrify               Alch/Erth      22%        N/A       21%         4

Your spell library contained the following spells:

 Spells                   Type           Power      Damage    Failure   Level
 Passwall                 Erth           39%        N/A       1%          3
 Brom's Barrelling Bould  Conj/Erth      32%        2d5       9%          4
 Gell's Gravitas          Tloc           6%         N/A       26%         3
 Teleport Other           Tloc           6%         N/A       26%         3
 Dispersal                Tloc           3%         N/A       100%        6


Dungeon Overview and Level Annotations

Branches:
Dungeon (6/15)
 Temple: D:4-7

Altars:
Nemelex Xobeh
Wu Jian

Annotations:
D:6 1 transporter, Jeremiah


Message History

Unknown command.
You hit the orc but do no damage.
The orc is almost dead.
The orc wizard gestures wildly while chanting.
The orc wizard flickers and vanishes!
Deactivating autopickup; reactivate with Ctrl-A.
The orc barely misses you.
Unknown command.
Unknown command.
Something hits you.
You hear some strange, mumbled words.
A puff of flame appears from out of thin air!
The puff of flame hits you!
* * * LOW HITPOINT WARNING * * *
It was a potion of berserk rage.
A red film seems to cover your vision as you go berserk!
You feel yourself moving faster!
You feel mighty! The orc hits you but does no damage.
Unknown command.
Unknown command.
Unknown command.
You barely miss the orc.
The orc is almost dead.
The orc barely misses you.
You hit the orc but do no damage.
The orc is almost dead.
The orc closely misses you.
You whack the orc!
You kill the orc!
Something hits you.
* * * LOW HITPOINT WARNING * * *
Things that are here:
a +0 falchion; a +0 leather armour; an orc corpse You miss something.
Something hits you.
* * * LOW HITPOINT WARNING * * *
You whack something!
You hear some strange, mumbled words.
A magic dart appears from out of thin air!
The magic dart hits you!
You die...

##.#..#...
##..#.......[.#...
#..©#..©....$_#©..
#...#.......).#..#
#.#$#..#...#$$#.#
....#8So#.#..8#.#
#####)##TTh....##.#
#.)....#########..#
#.####{@.........#
#######.##### #.#
#########.#
#.........#
#.#####.#.# #...#.#
##....<# #..#..##


You could see 2 trolls, an orc warrior, a howler monkey and an adder.

Vanquished Creatures
  A hornet (D:5)
  An orc warrior (D:6)
  An ice beast (D:5)
  A phantom (D:5)
  A scorpion (D:5)
  A gnoll sergeant (D:3)
  2 howler monkeys (D:5)
  4 orc priests (D:5)
  2 hounds (D:5)
  A jelly (D:5)
  Jessica (D:2)
  A sleepcap (D:5)
  An iguana (D:5)
  2 orc wizards (D:5)
  3 adders
  2 gnolls (D:3)
  2 ufetubi (D:5)
  12 orcs
  8 ball pythons
  An endoplasm (D:3)
  2 giant cockroaches (D:1)
  4 goblins
  5 hobgoblins
  4 jackals (D:3)
  4 quokkas
  4 bats
  2 frilled lizards
  6 kobolds
  4 rats
83 creatures vanquished.

Vanquished Creatures (others)
  2 orc wizards (D:5)
2 creatures vanquished.

Grand Total: 85 creatures vanquished

Notes
Turn   | Place    | Note
-------+----------+-------------------------------------------
     0 | D:1      | Groucho the Deep Elf Earth Elementalist began the quest for
                  | the Orb.
     0 | D:1      | Reached XP level 1. HP: 10/10 MP: 6/6
   629 | D:1      | Reached XP level 2. HP: 8/15 MP: 1/8
  1683 | D:2      | Noticed Jessica
  1686 | D:2      | Killed Jessica
  1687 | D:2      | Reached skill level 4 in Earth Magic
  1687 | D:2      | Reached XP level 3. HP: 20/20 MP: 8/10
  2353 | D:3      | Found a faded altar of an unknown god.
  2363 | D:3      | Reached skill level 1 in Fighting
  2613 | D:3      | Reached XP level 4. HP: 25/25 MP: 9/11
  3050 | D:3      | Noticed a gnoll sergeant
  3050 | D:3      | Found the +5 woodcutter's axe
  3061 | D:3      | Killed a gnoll sergeant
  3062 | D:3      | Reached skill level 1 in Maces & Flails
  3062 | D:3      | Reached XP level 5. HP: 29/29 MP: 7/13
  4172 | D:3      | You fall into a shaft and drop 2 floors!
  4172 | D:5      | Entered Level 5 of the Dungeon
  4200 | D:5      | Noticed a hornet
  4239 | D:5      | Reached skill level 5 in Earth Magic
  4593 | D:5      | Learned a level 3 spell: Stone Arrow
  4614 | D:5      | Reached XP level 6. HP: 35/35 MP: 7/14
  4867 | D:5      | Learned a level 4 spell: Petrify
  5215 | D:5      | Killed a hornet
  5216 | D:5      | Reached XP level 7. HP: 9/40 MP: 5/16
  5221 | D:5      | HP: 2/40 [poisoned by a hornet]
  5739 | D:5      | Reached skill level 5 in Spellcasting
  5739 | D:5      | Reached skill level 6 in Earth Magic
  7614 | D:5      | Reached XP level 8. HP: 46/46 MP: 11/18
  7850 | D:6      | Found a sparkling altar of Nemelex Xobeh.
  7875 | D:6      | Noticed Jeremiah
  7896 | D:6      | Found an ornate altar of the Wu Jian Council.
  7896 | D:6      | Found a transporter.
  7896 | D:6      | Noticed a troll
  7898 | D:6      | Noticed a troll
  7913 | D:6      | Reached skill level 7 in Earth Magic
  7929 | D:6      | Killed from afar by an orc wizard

Illustrated notes

Levels and vault maps discovered:
D:1:      wander_arrival_desolate, layout_loops_ring
D:2:      layout_basic, uniq_jessica
D:3:      layout_loops_corners, nicolae_ecumenical_snake_handling,
          pf_guarded_unrand_woodcutter
D:5:      layout_basic, serial_library_hellmonk_room_a,
          kennysheep_generic_room_15
D:6:      layout_loops_ring, nemelex_diamond_rough_becter,
          lemuel_coloured_pillars_altar, vehumet_crystals, elyvilon_altar_1,
          gammafunk_temple_overflow_arena, uniq_pikel, uniq_crazy_yiuf_cottage,
          uniq_jeremiah

Skill      XL: |  1  2  3  4  5  6  7  8 |
---------------+-------------------------+-----
Earth Magic    | 4 5 6 7 |  7.0
Fighting       | 1 2 3 |  3.0
Conjurations   | 2 3 4 |  4.1
Maces & Flails | 1 2 |  2.5
Spellcasting   | 4 5 |  5.8
Dodging        | |  2.4
Stealth        | |  2.4

Action                     |  1- 3 |  4- 6 |  7- 9 || total
---------------------------+-------+-------+-------++-------
  Melee: Whip              |    14 |    44 |    13 ||    71
   Cast: Sandblast         |    38 |    35 |    17 ||    90
         Stone Arrow       |       |     6 |    21 ||    27
    Use: Potion            |       |     3 |     1 ||     4
         Scroll            |       |       |     1 ||     1
   Stab: Sleeping          |     3 |     1 |       ||     4
 Armour: Robe              |    23 |    43 |    17 ||    83
  Dodge: Dodged            |    25 |    41 |    15 ||    81
